 Seeded DCSS version 0.30-a0-465-g8901f6c8b5 (webtiles) character file.

Game seed: 17409462723194563177 (custom seed)

70 purpskrrrp the Trooper (level 4, -2/48 HPs)
             Began as a Troll Fighter on Dec 17, 2022.
             Killed from afar by Robin (16 damage)
             ... with a bolt of light
             ... on level 2 of the Dungeon.
             The game lasted 00:01:25 (823 turns).

purpskrrrp the Trooper (Troll Fighter)               Turns: 823, Time: 00:01:26

Health: -2/48      AC:  4    Str: 26    XL:     4   Next: 4%
Magic:  3/3        EV:  8    Int:  4    God:
Gold:   61         SH:  7    Dex:  9    Spells: 3/3 levels left

rFire   . . .      SeeInvis .      - Unarmed
rCold   + . .      Faith    .    b - +0 kite shield
rNeg    . . .      Spirit   .    a - +0 robe
rPois   .          Reflect  .    (helmet restricted)
rElec   .          Harm     .    (no cloak)
rCorr   .          Rampage  .    (gloves unavailable)
Will    .....                    (boots unavailable)
Stlth   +.........               (no amulet)
HPRegen 1.08/turn                d - ring of protection from cold
MPRegen 0.08/turn                (no ring)

@: mighty
A: large, unfitting armour, claws 3, regeneration 1, shaggy fur 1, tough skin 1
a: no special abilities


You were on level 2 of the Dungeon.
You visited 1 branch of the dungeon, and saw 2 of its levels.

You collected 61 gold pieces.

Inventory:

Armour
 a - a +0 robe (worn)
 b - a +0 kite shield (worn)
Jewellery
 d - a ring of protection from cold (left claw)
Scrolls
 f - 3 scrolls of identify {unknown}
 g - a scroll of amnesia {unknown}
 h - a scroll of summoning {unknown}
 i - a scroll of fog {unknown}
Potions
 e - a potion of curing
 j - a potion of brilliance {unknown}
 k - a potion of heal wounds {unknown}


   Skills:
 + Level 3.7 Fighting
 - Level 2.4 Dodging
 - Level 2.6 Shields
 - Level 2.8 Unarmed Combat


You had 3 spell levels left.
You didn't know any spells.
Your spell library was empty.

Dungeon Overview and Level Annotations

Branches:
Dungeon (2/15)

Altars:

Annotations:
D:2 Robin


Innate Abilities, Weirdness & Mutations

You are too large for most types of armour.
You have claws for hands.
Your natural rate of healing is unusually fast.
You are covered in fur. (AC +1)
You have tough skin. (AC +1)


Message History

* * * LOW HITPOINT WARNING * * *
You block the goblin's attack.
You closely miss the hobgoblin.
The goblin no longer looks unusually strong.
Robin barely misses you. The hobgoblin barely misses you.
The goblin closely misses you.
You mangle the hobgoblin!!
You kill the hobgoblin!
Robin closely misses you. The goblin barely misses you.
You claw the hobgoblin!
You kill the hobgoblin!
Robin roars a battlecry!
The goblin goes into a battle-frenzy!
The goblin hits you with a +0 dagger.
Robin zaps a wand.
The bolt of light misses you.
The bolt of light hits the goblin.
The goblin dies!
Things that are here:
a hobgoblin corpse; a hobgoblin corpse You closely miss Robin.
Robin is moderately wounded.
Robin hits you with a +0 spear. Robin hits you but does no damage.
You claw Robin!
Robin is almost dead.
Robin zaps a wand.
The bolt of light hits you!
* * * LOW HITPOINT WARNING * * *
You closely miss Robin.
Robin is almost dead.
Robin hits you but does no damage.
You closely miss Robin.
Robin is almost dead.
Robin hits you with a +0 spear.
* * * LOW HITPOINT WARNING * * *
You scratch Robin.
Robin is almost dead.
Robin hits you with a +0 spear.
* * * LOW HITPOINT WARNING * * *
It was a potion of curing.
You feel better.
Robin zaps a wand.
The bolt of light hits you!
You die...

###########
#.........#
#.#######.# #[#
#.# #.# #.#
#### #.# #.#
#...## #.# #.#
#.....# ##.#
#.######..)....
...##
#..))))@g......
###(##
########.......
.....# #....(#
###.## #...##
#.# #.##
###.#### .#
.......# #
###.##.#
###.##.#


You could see Robin.

Vanquished Creatures
  Natasha (D:2)
  A gnoll (D:1)
  3 bats
  An endoplasm (D:2)
  3 giant cockroaches
  7 goblins
  5 hobgoblins
  2 quokkas (D:1)
  3 ball pythons (D:1)
  A frilled lizard (D:1)
  2 kobolds (D:1)
  3 rats (D:1)
32 creatures vanquished.

Vanquished Creatures (others)
  A goblin (D:2)
  A plant (D:1)
2 creatures vanquished.

Grand Total: 34 creatures vanquished

Notes
Turn   | Place    | Note
-------+----------+-------------------------------------------
     0 | D:1      | purpskrrrp the Troll Fighter began the quest for the Orb.
     0 | D:1      | Reached XP level 1. HP: 22/22 MP: 0/0
   228 | D:1      | Reached XP level 2. HP: 29/29 MP: 1/1
   278 | D:1      | Found a faded altar of an unknown god.
   439 | D:1      | Reached skill level 3 in Fighting
   564 | D:1      | Reached XP level 3. HP: 37/37 MP: 2/2
   716 | D:2      | Noticed Natasha
   724 | D:2      | Killed Natasha
   793 | D:2      | Noticed Robin
   813 | D:2      | Reached XP level 4. HP: 14/48 MP: 3/3
   822 | D:2      | HP: 2/48 [Robin/+0 spear (3)]
   823 | D:2      | Killed from afar by Robin

Illustrated notes

Levels and vault maps discovered:
D:1:      dpeg_arrival_pond, layout_basic, ebering_ecumenical_altar_hall,
          serial_forest, infiniplex_forest_split,
          infiniplex_forest_clump_curved, infiniplex_forest_clump_large,
          infiniplex_forest_lined_3_way, infiniplex_forest_clump_small,
          infiniplex_forest_diagonal, infiniplex_forest_corner_1,
          infiniplex_forest_corner_2, infiniplex_forest_straight_4
D:2:      layout_loops_ring, minmay_randomly_rotated_circles, uniq_robin,
          uniq_natasha, uniq_jessica

Skill      XL: |  1  2 |
---------------+-------+-----
Fighting       | 3 |  3.7
Dodging        | |  2.4
Shields        | |  2.6
Unarmed Combat | |  2.8

Action                   |  1- 3 |  4- 6 || total
-------------------------+-------+-------++-------
Melee: Unarmed           |    77 |     8 ||    85
  Use: Scroll            |     1 |       ||     1
       Potion            |       |     2 ||     2
Armor: Robe              |    18 |     2 ||    20
Dodge: Dodged            |    32 |     7 ||    39
Block: Kite shield       |    38 |     1 ||    39

Table legend: (Time is in decaauts)
 A = Elapsed time spent in this place.
 B = Non-inter-level travel time spent in this place.
 C = Inter-level travel time spent in this place.
 D = Time resting spent in this place.
 E = Time spent auto-exploring this place.
 F = Levels seen in this place.
 G = Mean time per level.
                   A        B        C        D        E       F      G
               +--------+--------+--------+--------+--------+-----+--------+
         Total |    829 |    793 |     36 |      0 |    610 |   2 |  414.5 |
       Dungeon |    829 |    793 |     36 |      0 |    610 |   2 |  414.5 |
               +--------+--------+--------+--------+--------+-----+--------+

Top non-repeatable levels by time:
     D:1: 666 daAuts
     D:2: 163 daAuts
